 Dungeon Crawl Stone Soup version 0.21.1-1-g345015fe64 (webtiles) character file.

256 Kohma the Sneak (level 6, -1/28 HPs)
             Began as a Vine Stalker Enchanter on June 16, 2018.
             Killed from afar by Sigmund (6 damage)
             ... with a magic dart
             ... on level 4 of the Dungeon.
             The game lasted 00:18:40 (4994 turns).

Kohma the Sneak (Vine Stalker Enchanter)            Turns: 4994, Time: 00:18:40

Health: -1/28      AC:  3    Str: 13    XL:     6   Next: 15%
Magic:  0/11       EV: 13    Int: 15    God:
Gold:   174        SH:  0    Dex: 14    Spells: 5/11 levels left

rFire    . . .     SeeInvis .   l - +2 dagger (venom)
rCold    . . .     Gourm    .   (no shield)
rNeg     . . .     Faith    .   K - +0 robe
rPois    .         Spirit   +   (no helmet)
rElec    .         Reflect  .   m - +0 cloak
rCorr    .         Harm     .   (no gloves)
MR       .....                  (no boots)
Stlth    +++.......             (no amulet)
HPRegen  0.49/turn              (no ring)
MPRegen  0.12/turn              (no ring)

@: very slightly contaminated
A: fangs 2, regeneration 1, magic shield, antimagic bite, no potion heal 3, rot
immunity
a: no special abilities


You were on level 4 of the Dungeon.
You were not hungry.

You visited 1 branch of the dungeon, and saw 5 of its levels.

You collected 174 gold pieces.

Inventory:

Hand Weapons
 a - a +1 dagger
 b - a +0 blowgun
 f - a +0 dagger
 h - a +0 hunting sling
 j - a +0 short sword
 k - a +0 dagger
 l - a +2 dagger of venom (weapon)
 s - a +0 rapier
 F - a +2 hunting sling of flaming
 G - a +2 short sword of speed
 I - a +3 dagger of electrocution
Missiles
 v - 11 bolts
 B - 28 poisoned needles
Armour
 m - a +0 cloak (worn)
 t - a +0 robe
 z - a +0 plate armour
 C - a +0 robe
 E - a +0 ring mail
 J - a +1 scale mail
 K - a +0 robe (worn)
Scrolls
 x - 2 scrolls of noise
 y - 4 scrolls of teleportation
Potions
 e - a potion of agility {unknown}
 g - 2 potions of haste {unknown}
 i - a potion of lignification {unknown}
 r - a potion of heal wounds {unknown}
 w - a potion of curing {unknown}
Books
 c - a book of Maledictions

   Spells                             Type                      Level
   a - Corona                         Hexes                        1
   b - Ensorcelled Hibernation        Hexes/Ice                    2
   c - Confuse                        Hexes                        3
   d - Tukima's Dance                 Hexes                        3
   e - Dazzling Spray                 Conjuration/Hexes            3
Comestibles
 d - 9 rations
 D - 6 chunks of flesh


   Skills:
 + Level 2.2 Short Blades
 + Level 2.4 Dodging
 + Level 4.8 Stealth
 + Level 3.2 Spellcasting
 * Level 4.6 Hexes


You had 5 spell levels left.
You knew the following spells:

 Your Spells              Type           Power        Failure   Level  Hunger
a - Corona                Hex            ###....      3%          1    #......
b - Ensorcelled Hibernat  Hex/Ice        #.....       12%         2    ##.....
c - Confuse               Hex            ###.....     9%          3    ###....


Dungeon Overview and Level Annotations

Branches:
Dungeon (5/15)
 Temple: D:4-7

Altars:
Cheibriados
Okawaru
Qazlal
Ru
The Shining One

Annotations:
D:4 Sigmund


Innate Abilities, Weirdness & Mutations

You have extremely sharp teeth.
Your natural rate of healing is unusually fast.
When hurt, damage is shared between your health and your magic reserves.
Your bite disrupts and absorbs the magic of your enemies.
Potions cannot restore your health.
You are immune to rotting.


Message History

Confirm with . or Enter, or press ? or * to list all spells.
Aiming: Ensorcelled Hibernation
Press: ? - help, Shift-Dir - straight line, f/p - Sigmund
Aim: Sigmund, wielding a scythe and wearing a glowing robe (lightly wounded, poisoned, chance to defeat MR: 50%) Sigmund resists with almost no effort.
You barely miss Sigmund.
Sigmund is lightly wounded.
Sigmund barely misses you.
You hit Sigmund but do no damage.
Sigmund looks as sick as possible!
Sigmund is lightly wounded.
Sigmund hits you with a scythe.
Some of the chunks of flesh in your inventory have rotted away.
Sigmund hits you from afar with a scythe.
Sigmund gestures at you while chanting. The puff of flame hits you!
* * * LOW HITPOINT WARNING * * *
Sigmund says, "Your kind have come here before.
I understand now why.
You desire death..."
Sigmund gestures at you while chanting. The magic dart hits you!
You die...

********** #.....'............#
,,,,,,,,,* #..#.##............#
,,,,,,,,,* #..#.##............#
,,,,,,,,.###..#.##........#####
,,,,,,,,........##........#,,,*
,,,,,,,,..................#,,,*
,,,,,,,,........###.......#,,,*
,,,,,,,,.......####@......#,,,*
,,,,,,,,........@.........#,,,*
*,***,*+#.......###......))...#
*,***.*,####..#.* #.........###
*,,...*,,.....#.**#.###'#...#
#..#*****###.##.,,#.# #.#...#
...#******,*,*##*,#.# #.....#
......,,,,,*,,,,,,#.#*###...#***
.#.###**,**********..,**#....,,*
.....,,,,*,,,,,,,,,,*,,,,,,,,,,**


You could see Sigmund.

Vanquished Creatures
  A howler monkey (D:4)
  A hound (D:4)
  An orc priest (D:4)
  An orc wizard (D:3)
  A hound skeleton (D:4)
  2 adders
  2 oozes
  2 worms (D:3)
  2 dart slugs
  10 orcs
  A ball python (D:2)
  3 giant cockroaches
  10 hobgoblins
  3 jackals (D:3)
  2 quokkas (D:3)
  7 bats
  8 frilled lizards
  7 goblins
  7 kobolds
  4 rats (D:1)
75 creatures vanquished.

Notes
Turn   | Place    | Note
-------+----------+-------------------------------------------
     0 | D:1      | Kohma the Vine Stalker Enchanter began the quest for the Orb.
     0 | D:1      | Reached XP level 1. HP: 9/9 MP: 4/4
   283 | D:1      | Reached skill level 1 in Short Blades
   591 | D:1      | Reached XP level 2. HP: 8/13 MP: 4/6
   715 | D:1      | Learned a level 2 spell: Ensorcelled Hibernation
  1953 | D:1      | Reached XP level 3. HP: 16/16 MP: 7/7
  3179 | D:2      | Found a sacrificial altar of Ru.
  3179 | D:2      | Found an iron altar of Okawaru.
  3180 | D:2      | Found a glowing golden altar of the Shining One.
  3264 | D:2      | Learned a level 3 spell: Confuse
  3301 | D:2      | Gained mutation: Your natural rate of healing is unusually fast. [Vine Stalker growth]
  3301 | D:2      | Reached XP level 4. HP: 15/21 MP: 4/8
  4147 | D:3      | Found a stormy altar of Qazlal.
  4150 | D:3      | Found a snail-covered altar of Cheibriados.
  4237 | D:3      | Reached XP level 5. HP: 24/24 MP: 6/10
  4810 | D:5      | Entered Level 5 of the Dungeon
  4863 | D:4      | Noticed Sigmund
  4894 | D:4      | Reached XP level 6. HP: 27/28 MP: 3/11
  4994 | D:4      | Killed from afar by Sigmund

Skill      XL: |  1  2  3  4  5 |
---------------+----------------+-----
Short Blades   | 1 2 |  2.2
Stealth        | 4 |  4.8
Dodging        | 2 |  2.4
Hexes          | 4 |  4.6
Spellcasting   | 3 |  3.2

Action                   |  1- 3 |  4- 6 || total
-------------------------+-------+-------++-------
Melee: Dagger            |   102 |   156 ||   258
       Bite              |    15 |    36 ||    51
 Cast: Corona            |    15 |     4 ||    19
       Ensorcelled Hiber |    10 |    17 ||    27
       Confuse           |     1 |       ||     1
  Use: Scroll            |       |    13 ||    13
 Stab: Sleeping          |    13 |    14 ||    27
  Eat: Chunk             |     8 |     4 ||    12
       Ration            |       |     1 ||     1
Armor: Robe              |    16 |    15 ||    31
Dodge: Dodged            |    53 |    95 ||   148
